 Dungeon Crawl Stone Soup version 0.18-a0-1577-gf591c28 (webtiles) character file.

46 Ijustatesigmund the Charlatan (level 3, 0/27 HPs)
             Began as a Spriggan Artificer on Mar 24, 2016.
             Succumbed to an adder's poison
             ... on level 2 of the Dungeon.
             The game lasted 00:03:54 (1490 turns).

Ijustatesigmund the Charlatan (Spriggan Artificer)  Turns: 1490, Time: 00:03:54

Health: 0/27       AC: 21    Str:  7    XL:     3   Next: 44%
Magic:  7/7        EV:  4    Int: 13    God:
Gold:   64         SH:  0    Dex: 17    Spells: 0 memorised, 2 levels left

rFire  . . .     SeeInvis +     a - +0 short sword
rCold  . . .     Gourm    .     (armour currently unavailable)
rNeg   + + +     Faith    .     (shield restricted)
rPois  +         Spirit   .     (helmet currently unavailable)
rElec  .         Dismiss  .     (cloak currently unavailable)
rCorr  .         Reflect  .     (gloves unavailable)
SustAt .         Harm     .     (boots unavailable)
MR     .....     NoTele   +     (no amulet)
Stlth  +++.......               (no ring)
                                (no ring)

@: lethally poisoned (0 -> -1), tree-form, not resistant to hostile
enchantments, fairly stealthy
A: unfitting armour, see invisible, herbivore 3, (speed 0), slow metabolism 2
a: no special abilities


You were on level 2 of the Dungeon.
You were not hungry.
You were a tree.
You visited 1 branch of the dungeon, and saw 2 of its levels.

You collected 64 gold pieces.

Inventory:

Hand Weapons
 a - a +0 short sword (weapon)
Missiles
 h - 2 tomahawks (quivered)
Armour
 b - a +0 robe (melded)
Wands
 c - a wand of flame (8/48)
 d - a wand of enslavement (23/24)
 e - a wand of random effects (11/48)
Scrolls
 i - a scroll of recharging
Potions
 j - a potion of lignification
Comestibles
 f - a bread ration
 g - a fruit


   Skills:
 + Level 1.7 Fighting
 + Level 2.2 Short Blades
 - Level 3.0 Dodging
 + Level 3.2 Stealth
 - Level 4.0 Evocations


You had 2 spell levels left.
You didn't know any spells.

Dungeon Overview and Level Annotations

Branches:
Dungeon (2/15)

Altars:
Elyvilon


Innate Abilities, Weirdness & Mutations

You are tiny and cannot use many weapons and most armour.
You have supernaturally acute eyesight.
You are a herbivore.
((You cover ground extremely quickly.))
You need consume almost no food.


Message History

The bat hits you but does no damage. x2
The adder bites you but does no damage.
You hit the adder.
You kill the adder!
Your Stealth skill increases to level 3!
* * * LOW HITPOINT WARNING * * *
You feel sick. The bat hits you but does no damage.
Evoke which item? (* to show all) (? for menu, Esc to quit)
Zapping:
c - a wand of flame (9/48)
Press: ? - help, Shift-Dir - straight line, f - bat
Aim: a bat The puff of flame hits the bat.
You kill the bat!
This wand has 8 charges left.
There is a lethal amount of poison in your body!
* * * LOW HITPOINT WARNING * * *
You feel sick.
* * * LOW HITPOINT WARNING * * *
You feel sick.
You die...

...###...####...#
#..#..........##
#.#..........#
#............#
######..#.........#
#..........#.....).
...................
...###......†......
.. #.†..♣#...(.. .
..≈#.#.#.......)
.................
_.♣.....#.#......
.....####.#......
♣..r# #...#......
..≈≈#...>)....#..
..# #...........?
.....#...........


You could see a neutral quokka (wandering).

Vanquished Creatures
  An adder (D:2)
  A worm (D:1)
  2 dart slugs (D:1)
  3 bats
  A giant cockroach (D:1)
  6 hobgoblins
  3 kobolds (D:1)
  A giant newt (D:1)
  2 goblins (D:1)
  3 rats
23 creatures vanquished.

Vanquished Creatures (others)
  An adder (D:1)
  A kobold (D:2)
2 creatures vanquished.

Grand Total: 25 creatures vanquished

Notes
Turn   | Place    | Note
--------------------------------------------------------------
     0 | D:1      | Ijustatesigmund the Spriggan Artificer began the quest for the Orb.
     0 | D:1      | Reached XP level 1. HP: 9/9 MP: 4/4
    30 | D:1      | Reached skill level 1 in Fighting
   270 | D:1      | Reached XP level 2. HP: 7/14 MP: 6/6
  1279 | D:1      | Reached XP level 3. HP: 10/18 MP: 7/7
  1453 | D:2      | Found a white marble altar of Elyvilon.
  1482 | D:2      | HP: 1/27 [poisoned by an adder]
  1490 | D:2      | Succumbed to an adder's poison

Vault maps used:
D:1:      tarquinn_simple_flora_water_c, minmay_splitting_lines
D:2:      elyvilon_altar_4, gammafunk_temple_overflow_pools, grunt_qazlal_clouds

Skill      XL: |  1  2  3 |
---------------+----------+-----
Fighting       | 1 |  1.7
Stealth        | 2 3 |  3.2
Short Blades   | 2 |  2.2
Dodging        | |  3.0
Evocations     | |  4.0

Action                   || total
-------------------------++-------
Melee: Short sword       ||    77
Throw: Tomahawk          ||     2
Evoke: Wand              ||    12
  Use: Scroll            ||     5
       Potion            ||     1
 Stab: Sleeping          ||     3
